 Dungeon Crawl Stone Soup version 0.30-b1-2-g02819fbbbe (webtiles) character file.

Game seed: 14568334948535514892

207 Fartwhistle the Changer (level 5, -9/33 HPs)
             Began as an Octopode Transmuter on May 25, 2023.
             Splashed by a jelly's acid (10 damage)
             ... on level 4 of the Dungeon.
             The game lasted 00:05:57 (2712 turns).

Fartwhistle the Changer (Octopode Transmuter)       Turns: 2712, Time: 00:05:58

Health: -9/33      AC: -11   Str:  9    XL:     5   Next: 85%
Magic:  9/9        EV: 13    Int: 24    God:
Gold:   157        SH:  0    Dex: 12    Spells: 6/10 levels left

rFire   . .          .
                       - Unarmed
rCold   . . .        (no shield)
rNeg    . . .        (helmet restricted)
rPois   .            (no amulet)
rElec   .            l - +6 ring of intelligence
rCorr   .            (no ring)
SInv    .            (no ring)
Will    .....        (no ring)
Stlth   ++           (no ring)
HPRegen 0.25/turn    (no ring)
MPRegen 0.11/turn    (no ring)
                     (no ring)

%: no passive effects
@: corroded
A: almost no armour, amphibious, 8 rings, camouflage 1, gelatinous body 1,
(nimble swimmer 1), tentacles
a: no special abilities


You were on level 4 of the Dungeon.
You visited 1 branch of the dungeon, and saw 4 of its levels.

You collected 157 gold pieces.

Inventory:

Jewellery
 l - a +6 ring of intelligence (left tentacle)
Wands
 n - a wand of flame (14)
Scrolls
 b - a scroll of identify {unknown}
 f - a scroll of fear {unknown}
 i - 2 scrolls of noise {unknown}
 j - 2 scrolls of teleportation {unknown}
 k - a scroll of poison {unknown}
 m - a scroll of vulnerability {unknown}
Potions
 a - 2 potions of lignification
 c - a potion of might {unknown}
 d - a potion of magic {unknown}
 e - a potion of mutation {unknown}
 g - 2 potions of brilliance {unknown}
 h - a potion of cancellation {unknown}
 o - a potion of haste {unknown}


   Skills:
 - Level 1.2 Fighting
 - Level 2.1 Dodging
 - Level 3.1 Unarmed Combat
 + Level 3.2 Spellcasting
 * Level 4.3 Transmutations
 + Level 2.3 Poison Magic


You had 6 spell levels left.
You knew the following spells:

 Your Spells              Type           Power      Damage    Failure   Level
a - Beastly Appendage     Tmut           48%        N/A       1%          1
b - Spider Form           Tmut/Pois      19%        N/A       9%          3

Your spell library contained the following spells:

 Spells                   Type           Power      Damage    Failure   Level
 Wereblood                Tmut           24%        N/A       2%          2
 Ice Form                 Ice/Tmut       14%        N/A       41%         4


Dungeon Overview and Level Annotations

Branches:
Dungeon (4/15)
 Temple: D:4-7

Altars:

Shops:
D:3 (

Annotations:
D:4 Pikel


Innate Abilities, Weirdness & Mutations

You cannot wear most types of armour.
You are amphibious.
You can wear up to eight rings at the same time.
Your skin changes colour to match your surroundings (Stealth+).
Your rubbery body absorbs attacks. (AC +1, EV +1)
((You are camouflaged when in or above water. (Stealth+)))
You have tentacles for arms and can constrict up to eight enemies at once.


Message History

Found 17 gold pieces.
The jelly quivers.
Casting: Spider Form (quite dangerous; 9% risk of failure)
Confirm with . or Enter, or press ? or * to list all spells.
The spell is quite dangerous to miscast (9% risk of failure)!
Continue anyway?
You turn into a venomous arachnid creature.
You hit the jelly.
Your front pincers burn!
The jelly is lightly wounded.
The jelly hits you but does no damage.
You hit the jelly.
Your front pincers burn!
The jelly is moderately wounded.
The jelly hits you.
You are splashed with acid.
You hit the jelly. The acid corrodes you!
Your front pincers burn!
The jelly is severely wounded.
The jelly hits you.
You are splashed with acid!
* * * LOW HITPOINT WARNING * * *
You hit the jelly. The acid corrodes you!
Your front pincers burn!
* * * LOW HITPOINT WARNING * * *
The jelly is severely wounded.
The jelly misses you. The jelly attacks as you move away!
The jelly closely misses you.
You see here a quokka corpse.
Things that are here:
a +0 dagger; a stone; 9 gold pieces Your transformation is almost over.
The jelly attacks as you move away! The jelly barely misses you.
The jelly attacks as you move away! The jelly closely misses you.
Your transformation has ended.
Attack: -) Tentacles
Press: ? - help, Dir - move target, f - jelly
Aim: a jelly (severely wounded, about 11% to evade your tentacles)
Okay, then.
The jelly attacks as you move away! The jelly barely misses you.
The jelly attacks as you move away! The jelly hits you. The acid corrodes you!
You are splashed with acid!
* * * LOW HITPOINT WARNING * * *
The jelly attacks as you move away! The jelly hits you.
* * * LOW HITPOINT WARNING * * *
The acid corrodes you!
You are splashed with acid!
You die...

#.#.###.#.##.# #.#...#
####.#.###.#.##.###.#...#
.................##.#...#
##.#....##.#..#.###.#...#
#......................#
#......................# #
###.....................
#.####...###.#..###.#.#...#
.........J@....÷..........# .
.........###.#.<...........
..#..###..## #.#..###.#.##.##
.... #..####.............##
.....###..##...............##
..................###.#.##.##
...........†.)..........<#.##
..#.......####.##.###.#.##.##
.....##...# #.#......#....).


You could see a jelly.

Vanquished Creatures
  A lemure (D:3)
  A phantom (D:4)
  7 adders
  3 worms
  3 dart slugs
  An orc (D:3)
  4 endoplasms
  2 giant cockroaches (D:1)
  4 goblins
  3 hobgoblins
  2 jackals (D:2)
  6 kobolds
  5 quokkas
  3 ball pythons (D:1)
  9 bats
  A frilled lizard (D:3)
  3 rats
58 creatures vanquished.

Notes
Turn   | Place    | Note
-------+----------+-------------------------------------------
     0 | D:1      | Fartwhistle the Octopode Transmuter began the quest for the
                  | Orb.
     0 | D:1      | Reached XP level 1. HP: 13/13 MP: 3/3
   193 | D:1      | Reached XP level 2. HP: 18/18 MP: 5/5
   532 | D:1      | Reached XP level 3. HP: 23/23 MP: 6/6
   863 | D:2      | Learned a level 3 spell: Spider Form
   948 | D:2      | Reached skill level 3 in Transmutations
  1149 | D:2      | Reached XP level 4. HP: 22/28 MP: 4/7
  1296 | D:2      | Reached skill level 1 in Poison Magic
  1534 | D:3      | Found a faded altar of an unknown god.
  1588 | D:3      | Found Iguxzyr's Weapon Boutique.
  2079 | D:3      | Reached XP level 5. HP: 19/33 MP: 9/9
  2327 | D:4      | Noticed Pikel
  2327 | D:4      | Noticed a lemure
  2327 | D:4      | Noticed a lemure
  2327 | D:4      | Noticed a lemure
  2327 | D:4      | Noticed a lemure
  2347 | D:3      | Killed a lemure
  2542 | D:4      | Noticed a phantom
  2562 | D:4      | Killed a phantom
  2563 | D:4      | Reached skill level 4 in Transmutations
  2712 | D:4      | HP: 1/33 [jelly (3)]
  2712 | D:4      | Splashed by a jelly's acid

Illustrated notes

Levels and vault maps discovered:
D:1:      heliophobic_arrival_glass_houses, layout_basic,
          dreamdust_princess_corridor
D:2:      layout_rooms
D:3:      layout_loops_ring, nicolae_overflow_ecumenical_swirl, serial_shops,
          shop
D:4:      layout_basic, mainiacjoe_overflow_alcove_1, temple_hall,
          uniq_blork_the_orc, uniq_ijyb, uniq_pikel

Skill      XL: |  1  2  3  4  5 |
---------------+----------------+-----
Transmutations | 3 4 |  4.3
Poison Magic   | 1 2 |  2.3
Spellcasting   | 3 |  3.2
Fighting       | |  1.2
Dodging        | |  2.1
Unarmed Combat | |  3.1

Action                     |  1- 3 |  4- 6 || total
---------------------------+-------+-------++-------
  Melee: Unarmed           |    79 |    83 ||   162
         Tentacles         |    13 |    15 ||    28
         Constrict         |    16 |    14 ||    30
         Kick              |     8 |     8 ||    16
         Punch             |     1 |     2 ||     3
   Cast: Beastly Appendage |    10 |     8 ||    18
         Spider Form       |       |     3 ||     3
   Stab: Sleeping          |     7 |     7 ||    14
 Armour: Skin              |    13 |     4 ||    17
  Dodge: Dodged            |    46 |    50 ||    96
